Map: Cyber Forest LE

Players

Mez

  • Race: Terran Terran
  • League: Master
  • Spawn Location: 11:00

TrustInMe - Winner!

  • Race: Protoss Protoss
  • League: Master
  • Spawn Location: 5:00

VOD

Have the link to the VOD?

Description

Time

  • Played on: July 28, 2019, 10:10 a.m.
  • Length: 10:05
Show
View Real Time Build Order
Export as new Build Order

Mez Terran 

Build Orders: Reaper Expand 

Get SALT Encoding   

  12  0:01  SCV  
  13  0:13  SCV  
  14  0:17  Supply Depot  
  14  0:25  SCV  
  15  0:39  SCV  
  15  0:40  Barracks  
  16  0:45  Refinery  
  16  0:51  SCV  
  17  1:03  SCV  
  18  1:15  SCV  
  19  1:28  Reaper  
  19  1:29  Orbital Command  
  20  1:44  Command Center  
  20  1:56  Barracks  
  20  2:00  SCV  
  21  2:03  Barracks Reactor  
  21  2:10  Supply Depot  
  21  2:13  SCV  
  22  2:25  Barracks  
  22  2:28  SCV  
  23  2:40  SCV  
  23  2:41  Marine x2  
  26  2:44  Barracks Tech Lab  
  26  2:52  SCV  
  26  2:57  Orbital Command  
  27  3:02  Marine x2  
  27  3:04  SCV  
  32  3:05  Marauder  
  32  3:06  Concussive Shells  
  32  3:14  Marine  
  32  3:16  SCV  
  34  3:20  Supply Depot  
  34  3:22  Marine x2  
  34  3:26  Marine  
  37  3:28  SCV x2  
  39  3:40  Marine  
  39  3:41  Marine x2  
  41  3:42  SCV x2  
  41  3:45  Marauder  
  42  3:57  SCV x2  
  42  4:00  Supply Depot  
  44  4:04  Engineering Bay  
  44  4:10  Marauder  
  44  4:11  Marine x2, Barracks Tech Lab  
  44  4:14  Stimpack  
  48  4:17  Factory  
  48  4:18  Refinery  
  48  4:21  SCV x2  
  50  4:32  Supply Depot  
  50  4:33  SCV x2  
  50  4:34  Missile Turret  
  52  4:40  Marine x2  
  52  4:44  Marine x2  
  55  4:55  SCV x2  
  57  5:01  Refinery  
  57  5:02  Factory Reactor  
  57  5:03  Marine, Starport  
  57  5:04  Marine x3  
  61  5:07  SCV x2  
  61  5:09  Terran Infantry Weapons Level 1  
  62  5:19  SCV x2  
  64  5:21  Marine  
  64  5:25  Command Center  
  64  5:27  Combat Shield  
  65  5:31  SCV x2  
  67  5:37  Marine  
  67  5:38  Marine  
  67  5:39  Marine  
  70  5:44  Supply Depot  
  70  5:45  Supply Depot  
  69  5:57  Barracks  
  69  5:58  Barracks  
  69  5:59  Supply Depot  
  69  6:05  SCV  
  69  6:06  SCV, Medivac x2  
  69  6:07  Refinery  
  69  6:10  Supply Depot  
  75  6:12  Supply Depot  
  73  6:19  Marine x2  
  73  6:20  Marauder x2  
  73  6:24  SCV, Supply Depot  
  80  6:27  SCV  
  81  6:38  Medivac x2  
  81  6:39  Supply Depot  
  85  6:40  Supply Depot  
  85  6:52  Marauder  
  85  6:53  Barracks Reactor, Marauder, Barracks Tech Lab  
  89  6:56  SCV x2  
  89  6:58  Orbital Command  
  91  7:03  Terran Infantry Armor Level 1  
  91  7:08  Marine x2  
  92  7:14  Marauder, Medivac x2  
  99  7:18  Supply Depot  
  99  7:19  SCV x2  
  97  7:35  Marine x3, Marauder  
  97  7:36  Marine, Marauder  
  103  7:45  Armory  
  103  7:46  Engineering Bay, Supply Depot  
  103  7:48  SCV x3  
  106  7:54  Marine x4, Marauder  
  112  7:58  Medivac  
  112  8:00  SCV  
  112  8:01  Medivac  
  117  8:11  SCV x2  
  119  8:14  Bunker  
  119  8:17  Supply Depot  
  119  8:24  Marine  
  119  8:25  Command Center, Marine, Marauder x2  
  125  8:41  Barracks  
  125  8:42  SCV x3, Barracks x2  
  127  9:02  Bunker, Marine  
  129  9:03  Marine x3, Marauder x3  
  112  9:20  Marine  
  91  9:26  Marine x2  
  91  9:27  Marine x2, Marauder x2  
  71  9:38  Marine  
  71  9:44  Marine  
Show
View Real Time Build Order
Export as new Build Order

TrustInMe Protoss - Winner!

Build Orders: 1 Gate Expand, Blink Stalkers 

Get SALT Encoding   

  12  0:00  Probe  
  13  0:12  Probe  
  14  0:18  Pylon  
  14  0:24  Probe  
  15  0:32  Probe  
  15  0:39  Gateway  
  15  0:40  Probe  
  16  0:47  Assimilator  
  17  0:51  Probe  
  18  1:03  Probe  
  19  1:28  Nexus  
  19  1:32  Cybernetics Core  
  19  1:39  Pylon  
  19  1:43  Probe  
  19  1:46  Assimilator  
  19  1:51  Probe  
  20  1:58  Adept  
  21  2:01  Probe  
  21  2:05  Warp Gate  
  24  2:13  Probe  
  25  2:25  Probe, Pylon  
  26  2:31  Stalker  
  28  2:41  Probe  
  28  2:42  Probe  
  30  2:49  Twilight Council  
  30  2:50  Probe  
  30  2:54  Probe  
  32  3:01  Stalker  
  34  3:06  Probe  
  34  3:07  Blink  
  34  3:08  Probe  
  36  3:18  Probe  
  37  3:20  Probe  
  37  3:21  Gateway  
  38  3:30  Probe  
  39  3:39  Probe  
  40  3:42  Stalker, Probe  
  40  3:44  Shield Battery  
  41  4:06  Gateway  
  41  4:07  Probe x2, Pylon  
  43  4:15  Gateway  
  43  4:17  Stalker  
  43  4:19  Probe  
  43  4:21  Shield Battery  
  46  4:24  Stalker  
  46  4:28  Probe  
  49  4:31  Probe  
  50  4:40  Probe  
  50  4:42  Stalker  
  53  4:49  Stalker  
  53  4:51  Probe, Charge  
  53  4:52  Probe  
  57  4:58  Pylon  
  57  5:01  Stalker  
  59  5:09  Stalker  
  59  5:13  Probe  
  62  5:16  Robotics Facility  
  62  5:18  Stalker, Nexus  
  62  5:21  Stalker  
  66  5:31  Probe, Pylon  
  67  5:36  Probe  
  67  5:39  Forge  
  68  5:43  Probe  
  68  5:44  Pylon  
  68  5:49  Probe  
  70  5:52  Sentry  
  70  5:53  Zealot x2, Sentry  
  70  5:56  Immortal  
  78  5:57  Protoss Ground Weapons Level 1  
  78  5:59  Pylon  
  78  6:00  Pylon  
  78  6:02  Probe  
  79  6:09  Assimilator x2  
  83  6:20  Probe  
  83  6:21  Probe  
  85  6:27  Gateway  
  85  6:28  Gateway  
  85  6:30  Gateway  
  85  6:32  Probe  
  86  6:36  Probe, Gateway  
  86  6:37  Probe  
  88  6:44  Probe  
  89  6:48  Observer  
  89  6:49  Pylon  
  90  6:55  Zealot  
  90  6:56  Zealot x3  
  96  7:16  Pylon  
  96  7:17  Immortal  
  96  7:20  Zealot x4  
  108  7:26  Assimilator x2  
  100  7:38  Probe x2  
  100  7:41  Forge  
  100  7:43  Gateway  
  102  7:44  Pylon  
  102  7:45  Warp Prism  
  102  7:53  Robotics Bay  
  102  7:54  Zealot x3  
  102  7:55  Zealot x3, Protoss Ground Armor Level 1  
  102  7:56  Sentry x2  
  120  8:12  Probe x3  
  123  8:19  Pylon x2  
  123  8:24  Zealot x2, Probe x2  
  123  8:25  Zealot x2  
  133  8:28  Observer  
  134  8:51  Probe x3  
  137  8:57  Zealot x5  
  137  8:58  Zealot x3  
  153  9:03  Probe  
  154  9:15  Zealot  
  142  9:17  Zealot  
  142  9:18  Zealot x4  
  142  9:20  Zealot  
  136  9:30  Zealot x2  
  124  9:47  Stalker x5  
Tags
 
Add a new tag
Caveats
  • Supply blocks, unpowered buildings, or Contaminate may cause inaccurate times.
  • Supply counts are checked every 10 seconds.